 Dungeon Crawl Stone Soup version 0.30-a0-341-g682706514a (webtiles) character file.

Game seed: 10385175834950108709

432344 Slifar the Ruinous (level 22, -16/181 (192) HPs)
             Began as a Green Draconian Conjurer on May 20, 2022.
             Was the Champion of Vehumet.
             Shot with a bolt by a yaktaur captain (21 damage)
             ... on level 5 of the Vaults on Nov 3, 2022.
             The game lasted 05:16:17 (51033 turns).

Slifar the Ruinous (Green Draconian Conjurer)      Turns: 51033, Time: 05:16:19

HP:   -16/181 (192) AC: 19    Str: 12    XL:     22   Next: 86%
MP:   27/51         EV: 20    Int: 26    God:    Vehumet [******]
Gold: 3157          SH:  7    Dex: 11    Spells: 3/54 levels left

rFire   + . .      SeeInvis .    A - staff of conjuration
rCold   x . .      Faith    .    r - +2 buckler {reflect}
rNeg    . . .      Spirit   .    (body armour unavailable)
rPois   +          Reflect  +    T - +2 hat
rElec   .          Harm     .    V - +1 cloak of Starlight {*Dazzle EV+4 Stlth--}
rCorr   .          Rampage  .    H - +2 pair of gloves
Will    +....                    E - +0 pair of boots {Fly}
Stlth   ..........               n - amulet of magic regeneration
HPRegen 1.30/turn                P - ring of magical power
MPRegen 0.72/turn                t - ring of fire

@: about to teleport, flying, studying Slings, drained
A: breathe noxious fumes, AC +11, unfitting armour, stinger 1, poison
resistance, cold-blooded, regeneration 1
}: 2/15 runes: decaying, serpentine
a: Breathe Noxious Fumes, Renounce Religion


You were on level 5 of the Vaults.
You worshipped Vehumet.
Vehumet was exalted by your worship.
You visited 9 branches of the dungeon, and saw 43 of its levels.
You also visited: Sewer, Bailey, Ice Cave and Volcano.

You collected 5326 gold pieces.
You spent 2169 gold pieces at shops.

Inventory:

Hand Weapons
 s - the +9 flail "Killer Klown's Peril" {spect, Fly rC- Str+7}
   (You found it on level 4 of the Dungeon)

   When its wielder attacks, the weapon's spirit leaps out and strikes again.
   The spirit shares a part of any damage it takes with its wielder.
   Str:       It affects your strength (+7).
   rC:        It makes you vulnerable to cold.
   Fly:       It grants you flight.
Missiles
 m - 9 curare-tipped darts
 x - 54 poisoned darts
Armour
 r - a +2 buckler of reflection (worn)
 E - a +0 pair of boots of flying (worn)
 H - a +2 pair of gloves (worn)
 R - +0 ice dragon scales
 T - a +2 hat (worn)
 V - the +1 cloak of Starlight (worn) {*Dazzle EV+4 Stlth--}
   (You found it on level 1 of the Snake Pit)

   It may blind those who miss an attack against the wearer in melee combat.
   EV:        It affects your evasion (+4).
   Stlth:     It makes you much less stealthy.
 W - a +0 buckler of cold resistance
Magical Staves
 A - a staff of conjuration (weapon)
Jewellery
 b - a ring of protection from cold
 e - a ring of protection from fire
 n - an amulet of magic regeneration (around neck)
 p - a ring of see invisible
 t - a ring of fire (right hand)
 u - the ring of the Tick {rElec rCorr}
   (You took it off a deep elf annihilator on level 3 of the Elven Halls)

   [ring of resist corrosion]

   rElec:     It insulates you from electricity.
   rCorr:     It protects you from acid and corrosion.
 F - a ring of wizardry
 N - a ring of positive energy
 P - a ring of magical power (left hand)
 Z - a ring of willpower
Wands
 B - a wand of acid (36)
 D - a wand of digging (40)
 I - a wand of mindburst (36)
 J - a wand of paralysis (27)
 L - a wand of charming (12)
 O - a wand of iceblast (24)
 Y - a wand of polymorph (22)
Scrolls
 f - 4 scrolls of fear
 j - 2 scrolls of acquirement
 k - 4 scrolls of silence
 o - 7 scrolls of teleportation
 q - 2 scrolls of amnesia
 y - 5 scrolls of enchant weapon
 C - a scroll of enchant armour
 G - 4 scrolls of poison
 K - 13 scrolls of magic mapping
 M - 3 scrolls of summoning
 U - 6 scrolls of blinking
Potions
 a - 2 potions of magic
 c - 12 potions of haste
 g - 10 potions of heal wounds
 h - 10 potions of mutation
 i - 11 potions of might
 l - 6 potions of flight
 v - 24 potions of curing
 w - 6 potions of brilliance
 z - 4 potions of cancellation
 Q - 3 potions of resistance
 S - 4 potions of invisibility
 X - 4 potions of ambrosia
Miscellaneous
 d - a tin of tremorstones (2/2)


   Skills:
 - Level 15.0 Fighting
 - Level 12.1 Dodging
 - Level 1.7 Stealth
 - Level 8.0 Shields
 + Level 11.2 Unarmed Combat
 - Level 16.5 Spellcasting
 - Level 21.0 Conjurations
 * Level 15.6 Transmutations
 - Level 16.4 Fire Magic
 - Level 10.6 Evocations


You had 3 spell levels left.
You knew the following spells:

 Your Spells              Type           Power      Damage    Failure   Level
a - Magic Dart            Conj           100%       1d8       0%          1
b - Searing Ray           Conj           100%       2d8       0%          2
c - Iskenderun's Mystic   Conj/Tloc      85%        2d17      1%          4
d - Scorch                Fire           100%       2d10      0%          2
e - Fireball              Conj/Fire      66%        3d25      1%          5
f - Starburst             Conj/Fire      66%        6d17      1%          6
g - Orb of Destruction    Conj           57%        9d14      1%          7
h - Flame Wave            Conj/Fire      100%       2d21      0%          4
i - Ignition              Fire           51%        3d14      6%          8
j - Iskenderun's Battles  Conj           100%       2d15      0%          5
k - Dragon Form           Tmut           40%        N/A       4%          7

Your spell library contained the following spells:

 Spells                   Type           Power      Damage    Failure   Level
 Lehudib's Crystal Spear  Conj/Erth      42%        10d10     52%         8
 Chain Lightning          Conj/Air       42%        3d56      100%        9
 Shatter                  Erth           10%        3d12*     100%        9
 Beastly Appendage        Tmut           100%       N/A       0%          1
 Wereblood                Tmut           80%        N/A       0%          2
 Freeze                   Ice            84%        1d9       1%          1
 Sandblast                Erth           42%        2d11      1%          1
 Shock                    Conj/Air       100%       1d9       1%          1
 Passwall                 Tmut/Erth      48%        N/A       1%          2
 Poisonous Vapours        Pois/Air       42%        N/A       1%          2
 Static Discharge         Conj/Air       100%       2-7/arc   1%          2
 Dazzling Flash           Conj/Hex       100%       N/A       1%          3
 Hailstorm                Conj/Ice       85%        3d17      1%          3
 Ignite Poison            Fire/Tmut/Pois 86%        N/A       1%          3
 Mephitic Cloud           Conj/Pois/Air  72%        N/A       1%          3
 Spider Form              Tmut/Pois      58%        N/A       1%          3
 Stone Arrow              Conj/Erth      100%       3d13      1%          3
 Frozen Ramparts          Ice            42%        1d7       2%          3
 Slow                     Hex            84%        N/A       3%          1
 Blink                    Tloc           42%        N/A       4%          2
 Cigotuvi's Dreadful Rot  Necr/Pois/Air  42%        N/A       4%          2
 Ensorcelled Hibernation  Hex/Ice        42%        N/A       4%          2
 Sublimation of Blood     Necr           21%        N/A       4%          2
 Confusing Touch          Hex            21%        N/A       9%          3
 Ozocubu's Armour         Ice            21%        N/A       9%          3
 Swiftness                Air            21%        N/A       9%          3
 Tukima's Dance           Hex            21%        N/A       9%          3
 Vampiric Draining        Necr           21%        2d7       9%          3
 Sticky Flame             Conj/Fire      100%       2d11      0%          4
 Fulminant Prism          Conj/Hex       42%        3d19      1%          4
 Petrify                  Tmut/Erth      58%        N/A       1%          4
 Blade Hands              Tmut           40%        N/A       1%          5
 Freezing Cloud           Conj/Ice/Air   36%        6-21      1%          5
 Lightning Bolt           Conj/Air       42%        1d62      1%          5
 Yara's Violent Unravell  Hex/Tmut       29%        3d12      1%          5
 Iron Shot                Conj/Erth      42%        9d8       1%          6
 Airstrike                Air            10%        2d(2-18)  8%          4
 Spellforged Servitor     Conj/Summ      42%        N/A       9%          7
 Statue Form              Tmut/Erth      38%        N/A       19%         6
 Lee's Rapid Deconstruct  Erth           10%        3d8*      21%         5
 Anguish                  Hex/Necr       10%        N/A       28%         4
 Cause Fear               Hex            10%        N/A       28%         4
 Dispel Undead            Necr           21%        3d11      28%         4
 Leda's Liquefaction      Hex/Erth       10%        N/A       28%         4
 Manifold Assault         Tloc           21%        N/A       28%         4
 Passage of Golubria      Tloc           21%        N/A       28%         4
 Summon Ice Beast         Ice/Summ       21%        N/A       28%         4
 Agony                    Necr           21%        N/A       63%         5
 Metabolic Englaciation   Hex/Ice        10%        N/A       63%         5
 Silence                  Hex/Air        10%        N/A       63%         5
 Storm Form               Tmut/Air       29%        N/A       69%         7
 Simulacrum               Ice/Necr       10%        N/A       99%         6
 Ozocubu's Refrigeration  Ice            10%        4d9       99%         7
 Enfeeble                 Hex            10%        N/A       100%        7
 Summon Hydra             Summ           10%        N/A       100%        7
 Borgnjor's Revivificati  Necr           10%        N/A       100%        8
 Necromutation            Tmut/Necr      29%        N/A       100%        8
 Death's Door             Necr           10%        N/A       100%        9
 Dragon's Call            Summ           10%        N/A       100%        9
 Polar Vortex             Ice            10%        N/A       100%        9
 Animate Armour           Summ/Erth      Unusable   N/A       N/A         4

Dungeon Overview and Level Annotations

Branches:
Dungeon (15/15)            Temple (1/1) D:5            Lair (6/6) D:8
  Swamp (4/4) Lair:3        Snake (4/4) Lair:2        Slime (0/5) Lair:5
    Orc (2/2) D:9             Elf (3/3) Orc:2        Vaults (5/5) D:14
  Crypt (0/3) Vaults:3     Depths (3/4) D:15          Sewer (visited)
 Bailey (visited)           IceCv (visited)         Volcano (visited)

Altars:
Ashenzari
Cheibriados
Dithmenos
Elyvilon
Fedhas
Gozag
Hepliaklqana
Kikubaaqudgha
Makhleb
Nemelex Xobeh
Okawaru
Qazlal
Ru
Sif Muna
Trog
Uskayaw
Vehumet
Wu Jian
Xom
Yredelemnul
Zin
The Shining One
Lugonu

Shops:
D:8 [   D:11 *==*(   D:13 (   D:15 *!*   Orc:2 :![=[   Elf:3 :   Snake:1 *

Portals:
Hell: Depths:1 Depths:2 Depths:3
Abyss: Depths:3
Pandemonium: Depths:2
Ziggurat: Depths:3
Trove: Depths:2 (give +3 ice dragon scales)

Annotations:
D:9 3 runed translucent doors, exclusion: obsidian statue
D:10 2 transporters, Gelos's ghost, journeyman VSFi
D:15 3 runed translucent doors, Opripao's ghost, journeyman MiFi
Lair:6 exclusion: obsidian statue
Orc:2 1 runed translucent door, IdlyInterested's ghost, journeyman DsFi
Elf:1 1 runed translucent door, zhov's ghost, adept DsHu
Vaults:1 3 runed translucent doors


Innate Abilities, Weirdness & Mutations

You can breathe blasts of noxious fumes.
Your lurid green scales are hard. (AC +11)
You cannot fit into any form of body armour.
Your tail ends in a venomous barb.
Your system is resistant to poisons. (rPois)
You are cold-blooded and may be slowed by cold attacks.
Your natural rate of healing is unusually fast.


Message History

* * * LOW HITPOINT WARNING * * *
The harpy misses you.
A titan comes into view.
Casting: Iskenderun's Mystic Blast (safe; 1% risk of failure)
Confirm with . or Enter, or press ? or * to list all spells.
You feel a surge of power!
You erupt in a blast of force!
The mystic blast hits the harpy!!
You kill the harpy!
Vehumet accepts your kill.
You feel your power returning.
The mystic blast hits the harpy!!
You kill the harpy!
Vehumet accepts your kill.
You hear a shout!
The ironbound preserver mumbles some strange words.
The ironbound preserver begins to accept its allies' injuries.
Casting: Iskenderun's Mystic Blast (safe; 1% risk of failure)
Confirm with . or Enter, or press ? or * to list all spells.
You feel a surge of power!
You erupt in a blast of force!
The mystic blast hits the harpy!
The harpy is heavily wounded.
The harpy is knocked back by the mystic blast.
The harpy slams into the heavily etched metal wall!
The harpy is severely wounded.
The harpy barely misses you. x2
The tengu reaver gestures at you while chanting.
The bolt of negative energy hits you!!!
You feel drained.
* * * LOW HITPOINT WARNING * * *
A tentacled monstrosity comes into view.
A yaktaur captain comes into view.
As you read the scroll of teleportation, it crumbles to dust.
You feel strangely unstable.
The harpy is no longer blind.
The harpy closely misses you.
The harpy's vision is obscured by starry radiance!
You block the harpy's attack. The harpy claws you but does no damage.
The harpy barely misses you.
The +0 long sword of holy wrath hits you.
* * * LOW HITPOINT WARNING * * *
The yaktaur captain wields a +0 arbalest.
The yaktaur captain shoots a bolt.
The bolt hits you!!
You die...

###################
...p...@(.Q.......#
c......H..c.C.....#
##############X...#
....# .#..# .#..#
.# .# .# .#


You could see a tentacled monstrosity, an ironbound preserver, a titan, a tengu
reaver, 2 yaktaur captains, a harpy (sheltered, blind) and a +0 long sword of
holy wrath.

Vanquished Creatures
  Boris (Vaults:2)
  Sojobo (Depths:1)
  A shard shrike (IceCv)
  Saint Roka (Vaults:1)
  Bai Suzhen (Snake:4)
  Vashnia (Snake:4)
  Margery (Vaults:2)
  Jory (Vaults:2)
  Jorgrun (Snake:1)
  Zenata (Vaults:1)
  A lich (Vaults:1)
  2 deep elf master archers (Elf:3)
  3 deep elf blademasters
  An ancient champion (Vaults:3)
  3 sphinxes
  6 tengu reavers
  A thorn hunter (Swamp:4)
  Roxanne (Swamp:4)
  6 nagarajas
  6 fire giants
  12 vault wardens
  9 deep elf sorcerers (Elf:3)
  5 frost giants
  3 orc warlords
  Aizul (Swamp:4)
  4 deep elf elementalists (Elf:3)
  19 ironbound preservers
  10 ironbound thunderhulks
  4 stone giants
  19 very ugly things
  9 eleionomae
  6 deep elf annihilators (Elf:3)
  A vampire knight (Depths:2)
  6 deep elf demonologists
  A white draconian (IceCv)
  3 bunyips (Swamp:1)
  3 spark wasps (Depths:1)
  3 ettins
  3 jiangshi (Depths:1)
  A merfolk impaler (Depths:1)
  10 dire elephants
  4 deep elf death magi (Elf:3)
  10 yaktaur captains
  Fannar (Lair:2)
  2 rakshasas (Depths:2)
  3 deep elf high priests
  2 salamander tyrants (Snake:4)
  A hell beast (Depths:1)
  5 great orbs of eyes
  A catoblepas (D:13)
  38 vault guards
  26 hydras
  12 ironbound frosthearts
  2 ghost crabs (Swamp:3)
  2 peacekeepers
  2 spriggan air magi
  13 centaur warriors
  18 anacondas
  8 ice dragons
  A death knight (D:15)
  24 dancing weapons
  14 naga warriors
  A boulder beetle (Vaults:1)
  5 two-headed ogres
  12 death yaks
  2 deep troll shamans
  11 alligators
  Urug (D:11)
  2 vampire magi (Depths:1)
  A tengu warrior (D:14)
  3 deep troll earth magi (Depths:2)
  A soul eater (Depths:1)
  A titan zombie (Vaults:4)
  15 naga sharpshooters
  6 shock serpents
  4 orc high priests (Orc:2)
  A hell hog (Depths:1)
  5 spriggan berserkers
  A shock serpent (shapeshifter) (Elf:1)
  6 hell knights (Vaults:2)
  22 deep elf knights
  14 skeletal warriors
  Nergalle (D:10)
  4 iron trolls
  5 salamander mystics
  5 goliath frogs
  6 swamp dragons (Swamp:4)
  A sea snake (shapeshifter) (Vaults:2)
  52 deep trolls
  4 naga ritualists
  A quicksilver dragon simulacrum (Depths:1)
  A death drake (Swamp:3)
  An entropy weaver zombie (Vaults:4)
  17 deep elf archers
  5 spriggan druids
  An orange crystal statue (IceCv)
  7 bog bodies
  A glowing orange brain (Vaults:1)
  5 lindwurms (Vaults:4)
  5 wizards
  30 deep elf pyromancers
  Pikel (D:7)
  14 ironbound convokers
  20 deep elf zephyrmancers
  A mana viper (shapeshifter) (D:14)
  A phantasmal warrior (Vaults:5)
  5 harpies
  3 orc sorcerers
  5 mana vipers
  8 necromancers
  6 orc knights
  2 cyclopes
  3 will-o-the-wisps
  39 ugly things
  A wolf spider (D:15)
  5 manticores
  14 salamanders
  22 elephants
  A fire giant skeleton (Vaults:1)
  A dire elephant zombie (Lair:6)
  41 black mambas
  Joseph (D:7)
  16 vault sentinels
  A torpor snail (Lair:5)
  9 guardian serpents
  19 naga magi
  3 orange demons
  2 unseen horrors
  10 cane toads
  A gargoyle (D:12)
  9 komodo dragons
  20 yaktaurs
  3 kobold demonologists (D:11)
  An ice devil (Depths:2)
  25 rime drakes
  A human skeleton (Vaults:1)
  3 freezing wraiths
  A tormentor (Depths:2)
  A hellwing (Depths:2)
  A bloated husk (Swamp:1)
  6 trolls
  A meliai (shapeshifter) (D:15)
  A red devil (Depths:2)
  4 tyrant leeches
  21 polar bears
  A tarantella (shapeshifter) (Elf:3)
  A wind drake (shapeshifter) (D:15)
  7 hornets
  A tyrant leech (shapeshifter) (Elf:3)
  13 blink frogs
  22 slime creatures
  2 spectral elephants (Lair:6)
  4 dream sheep (Lair:4)
  18 spriggans
  An air elemental (Elf:3)
  An elf skeleton (Vaults:1)
  2 vampires
  3 shadows
  4 wraiths
  An ettin skeleton (Vaults:4)
  10 humans (D:14)
  6 wyverns
  A basilisk (Lair:3)
  A spriggan (shapeshifter) (D:15)
  A wyvern (shapeshifter) (Elf:3)
  7 water elementals
  35 yaks
  6 fire elementals
  A steam dragon (D:8)
  6 vampire mosquitoes
  3 death yak simulacra (Lair:6)
  Menkaure (D:5)
  49 nagas
  A swamp worm (shapeshifter) (Elf:2)
  A human zombie (Vaults:4)
  9 swamp worms
  4 acid dragons
  7 hell hounds (Volcano)
  20 water moccasins
  A glowing shapeshifter skeleton (Vaults:1)
  10 swamp drakes (Swamp:4)
  36 orc warriors
  A sky beast (D:7)
  2 ice beasts
  A black bear (Lair:3)
  An elephant zombie (Lair:6)
  16 wolves
  8 boggarts
  10 ogres
  16 centaurs
  2 elephant skeletons (Lair:6)
  3 phantoms
  4 kobold brigands
  A gnoll sergeant (D:6)
  17 bullfrogs
  2 necrophages
  A cane toad simulacrum (Lair:6)
  9 scorpions
  3 earth elementals
  6 killer bees (D:9)
  An elephant simulacrum (Lair:6)
  6 electric eels
  4 howler monkeys
  2 hounds
  35 orc priests
  5 gnoll boudas
  2 jellies (D:6)
  An iron imp (D:7)
  Crazy Yiuf (D:7)
  Terence (D:2)
  4 iguanas
  29 orc wizards
  2 human simulacra (D:14)
  2 boggart simulacra (D:14)
  20 gnolls
  11 adders
  3 river rats (Sewer)
  A shadow imp (D:5)
  6 white imps
  4 ufetubi
  5 dart slugs
  93 orcs
  10 bats
  4 endoplasms
  11 giant cockroaches
  19 goblins
  15 hobgoblins
  4 jackals (D:2)
  34 kobolds
  15 quokkas
  8 ball pythons
  10 frilled lizards
  6 rats
1754 creatures vanquished.

Vanquished Creatures (collateral kills)
  2 dire elephants (Lair:6)
  A spectral anaconda (Lair:6)
3 creatures vanquished.

Vanquished Creatures (others)
  A deep elf pyromancer (Volcano)
  2 bloated husks
  A human (D:14)
  6 demonic plants (D:11)
  2 foxfires (Swamp:4)
  32 fungi
  81 plants
  16 withered plants (Lair:6)
141 creatures vanquished.

Grand Total: 1898 creatures vanquished

Notes
Turn   | Place    | Note
-------+----------+-------------------------------------------
     0 | D:1      | Slifar the Draconian Conjurer began the quest for the Orb.
     0 | D:1      | Reached XP level 1. HP: 14/14 MP: 3/3
   166 | D:1      | Reached XP level 2. HP: 18/20 MP: 1/5
   172 | D:1      | Learned a level 2 spell: Searing Ray
   862 | D:1      | Reached skill level 5 in Conjurations
   931 | D:1      | Reached XP level 3. HP: 26/26 MP: 4/6
  1720 | D:2      | Noticed Terence
  1725 | D:2      | Killed Terence
  1726 | D:2      | Reached XP level 4. HP: 32/33 MP: 0/7
  2606 | D:3      | Reached skill level 6 in Conjurations
  2672 | D:3      | Found a glowing drain.
  2705 | Sewer    | Entered a sewer
  2876 | Sewer    | Reached XP level 5. HP: 38/38 MP: 5/8
  3563 | D:3      | Found an iron altar of Okawaru.
  3601 | D:3      | Reached skill level 7 in Conjurations
  3664 | D:3      | Reached XP level 6. HP: 15/45 MP: 2/9
  3950 | D:3      | Learned a level 4 spell: Iskenderun's Mystic Blast
  4472 | D:4      | Reached skill level 8 in Conjurations
  4629 | D:4      | Identified the +9 flail "Killer Klown's Peril" {spect, Fly
                  | rC- Str+7}
  4637 | D:4      | Found a bloodstained altar of Trog.
  4653 | D:4      | Your scales start taking on a lurid green colour.
  4653 | D:4      | Reached XP level 7. HP: 50/50 MP: 6/10
  4653 | D:4      | Gained mutation: Your system is resistant to poisons.
                  | (rPois) [Green Draconian growth]
  4775 | D:4      | Reached skill level 9 in Conjurations
  4841 | D:4      | Identified the +1 robe of the Many Invaders {SInv}
  5384 | D:4      | Upgraded the game from 0.29-a0-459-g97dee8cd24 to
                  | 0.29-a0-474-gdfe5cd140f
  5404 | D:5      | Entered Level 5 of the Dungeon
  5483 | D:5      | Noticed Menkaure
  5749 | D:5      | Killed Menkaure
  5750 | D:5      | Reached skill level 10 in Conjurations
  5970 | D:5      | Reached XP level 8. HP: 56/57 MP: 11/11
  6060 | D:5      | Found a staircase to the Ecumenical Temple.
  6071 | Temple   | Entered the Ecumenical Temple
  6259 | Temple   | Upgraded the game from 0.29-a0-474-gdfe5cd140f to
                  | 0.29-a0-520-gc852659d43
  6885 | D:5      | Found a radiant altar of Vehumet.
  6888 | D:5      | Reached skill level 11 in Conjurations
  6891 | D:5      | Became a worshipper of Vehumet
  6897 | D:5      | Found an ancient bone altar of Kikubaaqudgha.
  6907 | D:5      | Found a shimmering blue altar of Sif Muna.
  7683 | D:6      | Reached skill level 1 in Fighting
  7683 | D:6      | Reached skill level 12 in Conjurations
  7808 | D:6      | Reached XP level 9. HP: 49/67 MP: 8/12
  7950 | D:6      | Reached * piety under Vehumet
  7950 | D:6      | Offered knowledge of Shock by Vehumet.
  8643 | D:7      | Found a stormy altar of Qazlal.
  8739 | D:7      | Found a shadowy altar of Dithmenos.
  8755 | D:7      | Noticed Pikel
  8767 | D:7      | Killed Pikel
  8768 | D:7      | Reached skill level 13 in Conjurations
  9071 | D:7      | Found a burning altar of Makhleb.
  9274 | D:7      | Noticed Joseph
  9283 | D:7      | Killed Joseph
  9284 | D:7      | Reached skill level 5 in Fighting
  9420 | D:7      | Reached ** piety under Vehumet
  9420 | D:7      | Offered knowledge of Scorch by Vehumet.
  9574 | D:7      | Reached XP level 10. HP: 60/82 MP: 13/13
  9593 | D:7      | Learned a level 2 spell: Scorch
 10312 | D:7      | Found a runed translucent door.
 10352 | D:7      | Noticed Crazy Yiuf
 10681 | D:7      | Killed Crazy Yiuf
 10927 | D:8      | Found Pozxien's Armour Shop.
 10937 | D:8      | Reached skill level 1 in Fire Magic
 11108 | D:8      | Found a staircase to the Lair.
 11118 | D:8      | Gained mutation: Your natural rate of healing is unusually
                  | fast. [potion of mutation]
 11138 | D:8      | Offered knowledge of Frozen Ramparts by Vehumet.
 11146 | D:8      | Reached skill level 5 in Spellcasting
 11426 | D:8      | Found a sacrificial altar of Ru.
 11600 | D:8      | Reached *** piety under Vehumet
 11610 | D:8      | Learned a level 5 spell: Fireball
 11617 | D:8      | Learned a level 6 spell: Starburst
 11617 | D:8      | Upgraded the game from 0.29-a0-520-gc852659d43 to
                  | 0.29-a0-529-gfa20dd96a1
 11619 | D:8      | Upgraded the game from 0.29-a0-529-gfa20dd96a1 to
                  | 0.29-a0-541-gaf1fc19f1b
 11937 | D:9      | Found a staircase to the Orcish Mines.
 12024 | D:9      | Found a runed translucent door.
 12038 | D:9      | Found a runed translucent door.
 12052 | D:9      | Found a runed translucent door.
 12077 | D:9      | Offered knowledge of Olgreb's Toxic Radiance by Vehumet.
 12085 | D:9      | Reached XP level 11. HP: 75/92 MP: 17/20
 12124 | D:9      | Found a runed translucent door.
 12150 | D:9      | Noticed an obsidian statue
 12298 | D:9      | Found a flagged portal.
 12307 | Bailey   | Entered a bailey
 12312 | Bailey   | Noticed an orc warlord
 12370 | Bailey   | Reached **** piety under Vehumet
 12382 | Bailey   | Found a runed translucent gate.
 12382 | Bailey   | Found a runed translucent gate.
 12382 | Bailey   | Found a runed translucent gate.
 12608 | Bailey   | Killed an orc warlord
 12625 | Bailey   | Identified the +6 hand axe "Ockou" {vorpal, Dex+4}
 12647 | Bailey   | Reached XP level 12. HP: 101/101 MP: 21/24
 12845 | D:10     | Entered Level 10 of the Dungeon
 12892 | D:10     | Offered knowledge of Hailstorm by Vehumet.
 12920 | D:10     | Noticed a two-headed ogre
 12926 | D:10     | Killed a two-headed ogre
 13020 | D:10     | Found a transporter.
 13028 | D:10     | Found a shimmering altar of Xom.
 13050 | D:10     | Noticed a two-headed ogre
 13059 | D:10     | Killed a two-headed ogre
 13147 | D:10     | Noticed Nergalle
 13157 | D:10     | Killed Nergalle
 13244 | D:10     | Noticed a two-headed ogre
 13248 | D:10     | Noticed Gelos's ghost (journeyman VSFi)
 13272 | D:10     | Found a bloodstained altar of Trog.
 13275 | D:10     | Noticed a two-headed ogre
 13294 | D:10     | Found a transporter.
 13453 | D:10     | Found a blossoming altar of Fedhas.
 13863 | Lair:1   | Entered Level 1 of the Lair of Beasts
 14349 | Lair:2   | Noticed Fannar
 14356 | Lair:2   | Killed Fannar
 14363 | Lair:2   | Reached skill level 10 in Spellcasting
 14378 | Lair:2   | Noticed a seven-headed hydra
 14400 | Lair:2   | Killed a seven-headed hydra
 14469 | Lair:2   | Found a staircase to the Snake Pit.
 14478 | Lair:2   | Reached ***** piety under Vehumet
 14522 | Lair:2   | Found a dark tunnel.
 14527 | Volcano  | Entered a volcano
 14540 | Volcano  | Offered knowledge of Orb of Destruction by Vehumet.
 14553 | Volcano  | Learned a level 7 spell: Orb of Destruction
 14581 | Volcano  | Reached XP level 13. HP: 105/112 MP: 27/27
 14810 | Volcano  | Reached skill level 10 in Fighting
 15836 | Lair:3   | Found a staircase to the Swamp.
 17008 | Lair:4   | Reached skill level 10 in Fire Magic
 17199 | Lair:4   | Gained mutation: Your tail ends in a venomous barb. [Green
                  | Draconian growth]
 17199 | Lair:4   | Reached XP level 14. HP: 124/124 MP: 30/30
 18281 | Lair:5   | Found a staircase to the Slime Pits.
 18428 | Lair:5   | Offered knowledge of Flame Wave by Vehumet.
 18434 | Lair:5   | Learned a level 4 spell: Flame Wave
 18877 | Lair:6   | Entered Level 6 of the Lair of Beasts
 20274 | Lair:6   | Reached XP level 15. HP: 90/133 MP: 22/31
 20628 | Orc:1    | Entered Level 1 of the Orcish Mines
 20894 | Orc:1    | Learned a level 8 spell: Ignition
 21213 | Orc:2    | Entered Level 2 of the Orcish Mines
 21213 | Orc:2    | Found Obotesa's Armour Shoppe.
 21340 | Orc:2    | Found a staircase to the Elven Halls.
 21349 | Orc:2    | Offered knowledge of Spellforged Servitor by Vehumet.
 21397 | Orc:2    | Found Lyficlir's Book Boutique.
 21397 | Orc:2    | Found Toul's Armour Shop.
 21398 | Orc:2    | Found Elyqawam's Jewellery Shop.
 21401 | Orc:2    | Found Ziarywye's Distillery.
 21490 | Orc:2    | Found a runed translucent door.
 21490 | Orc:2    | Noticed IdlyInterested's ghost (journeyman DsFi)
 22053 | D:9      | Upgraded the game from 0.29-a0-541-gaf1fc19f1b to
                  | 0.29-a0-553-g81b289dbe5
 22147 | Swamp:1  | Entered Level 1 of the Swamp
 22174 | Swamp:1  | Reached ****** piety under Vehumet
 22326 | Swamp:1  | Reached skill level 15 in Fire Magic
 23003 | Swamp:2  | You are sucked into a shaft and drop 1 floor!
 23098 | Swamp:2  | Offered knowledge of Irradiate by Vehumet.
 23674 | Swamp:3  | Reached skill level 5 in Dodging
 23675 | Swamp:3  | Identified the +2 scimitar "Mekk" {holy, rN+}
 24132 | Swamp:4  | Entered Level 4 of the Swamp
 24138 | Swamp:4  | Noticed Aizul
 24139 | Swamp:4  | Reached XP level 16. HP: 147/147 MP: 30/33
 24146 | Swamp:4  | Killed Aizul
 24576 | Swamp:4  | Noticed a thorn hunter
 24581 | Swamp:4  | Killed a thorn hunter
 24582 | Swamp:4  | Identified Roxanne's Compendium of Stones
 24582 | Swamp:4  | Noticed Roxanne
 24841 | Swamp:4  | Killed Roxanne
 24956 | Swamp:4  | Offered knowledge of Eringya's Noxious Bog by Vehumet.
 25203 | Swamp:4  | Got a decaying rune of Zot
 25327 | Snake:1  | Entered Level 1 of the Snake Pit
 25667 | Snake:1  | Found the +1 cloak of Starlight {*Dazzle EV+4 Stlth--}
 25700 | Snake:1  | Noticed Jorgrun
 25709 | Snake:1  | Killed Jorgrun
 26380 | Snake:1  | Found Elymuf's General Store.
 26384 | Snake:1  | Bought a scroll of acquirement for 832 gold pieces
 26384 | Snake:1  | Bought a scroll of blinking for 120 gold pieces
 26386 | Snake:1  | Acquired a book of Power
 26396 | Snake:1  | Learned a level 5 spell: Iskenderun's Battlesphere
 26854 | D:11     | Found Kotipnun's Weapon Boutique.
 26879 | D:11     | Noticed Urug
 26883 | D:11     | Killed Urug
 26917 | D:11     | Acquired a staff of conjuration
 26938 | D:11     | Reached skill level 15 in Spellcasting
 26942 | D:11     | Found a corrupted altar of Lugonu.
 27059 | D:11     | Reached XP level 17. HP: 154/154 MP: 26/36
 27185 | D:11     | Found Xaibb's Assorted Antiques.
 27431 | D:11     | Found Cedot's General Store.
 27484 | D:11     | Found Remown's Jewellery Boutique.
 27524 | D:11     | Found Votyxa's Jewellery Shop.
 27934 | D:12     | Offered knowledge of Ozocubu's Refrigeration by Vehumet.
 28006 | D:12     | Reached skill level 14 in Conjurations
 28250 | D:12     | Identified the +1 ring mail "Zitomp" {rCorr Str+3 Dex+5}
 28498 | D:13     | Reached skill level 10 in Dodging
 28792 | D:13     | Found Seygoch's Weapon Shoppe.
 29228 | D:14     | Found a frozen archway.
 29244 | IceCv    | Entered an ice cave
 29281 | IceCv    | Reached skill level 15 in Conjurations
 29414 | IceCv    | Identified the +3 ice dragon scales of Indomitability {rF-
                  | rC++ rCorr Str-4 SInv}
 29443 | IceCv    | Offered knowledge of Maxwell's Capacitive Coupling by
                  | Vehumet.
 29769 | IceCv    | Noticed a shard shrike
 29771 | IceCv    | Killed a shard shrike
 29822 | IceCv    | Identified the +5 whip "Nuemo" {drain, +Blink Fly MP+9}
 30290 | D:14     | Reached skill level 16 in Conjurations
 31094 | D:14     | Found a gate to the Vaults.
 31207 | D:15     | Entered Level 15 of the Dungeon
 31401 | D:15     | Found Qeuc's Assorted Antiques.
 31411 | D:15     | Bought a potion of curing for 105 gold pieces
 31411 | D:15     | Bought a scroll of fear for 122 gold pieces
 31429 | D:15     | Found Neythroo's Distillery.
 31440 | D:15     | Offered knowledge of Lehudib's Crystal Spear by Vehumet.
 31440 | D:15     | Offered knowledge of Shatter by Vehumet.
 31440 | D:15     | Offered knowledge of Chain Lightning by Vehumet.
 31625 | D:15     | Found a runed translucent gate.
 31628 | D:15     | Found a runed translucent gate.
 31629 | D:15     | Found a runed translucent gate.
 31797 | D:15     | Found a staircase to the Depths.
 31930 | D:15     | Found Zitz's Assorted Antiques.
 31938 | D:15     | Bought a fading hat for 162 gold pieces
 31938 | D:15     | Identified the +1 hat "Ykka Urru" {Rampage Will+} (You
                  | bought it in a shop on level 15 of the Dungeon)
 31967 | D:15     | Noticed Opripao's ghost (journeyman MiFi)
 32267 | Depths:1 | Entered Level 1 of the Depths
 32273 | Depths:1 | Reached XP level 18. HP: 161/161 MP: 33/37
 32276 | Depths:1 | Reached skill level 1 in Evocations
 32504 | Snake:1  | Upgraded the game from 0.29-a0-553-g81b289dbe5 to
                  | 0.29-a0-557-g43b9904bd1
 32770 | Snake:2  | Identified the +5 hand axe of the Shining Light {vorpal,
                  | Stlth+}
 33689 | Snake:3  | Reached skill level 5 in Evocations
 34549 | Snake:3  | Upgraded the game from 0.29-a0-557-g43b9904bd1 to
                  | 0.29-a0-559-g359e09b9d1
 34568 | Snake:4  | Entered Level 4 of the Snake Pit
 34637 | Snake:4  | Noticed Bai Suzhen
 35405 | Snake:4  | Reached skill level 10 in Evocations
 35529 | Snake:3  | Upgraded the game from 0.29-a0-559-g359e09b9d1 to
                  | 0.29-a0-817-g9904bce7a6
 35616 | Snake:4  | Killed Bai Suzhen
 35638 | Snake:4  | Noticed Vashnia
 35643 | Snake:4  | Reached skill level 17 in Conjurations
 35702 | Snake:4  | Killed Vashnia
 35839 | Snake:4  | Got a serpentine rune of Zot
 36220 | Elf:1    | Entered Level 1 of the Elven Halls
 36224 | Elf:1    | Reached skill level 5 in Shields
 36224 | Elf:1    | Reached XP level 19. HP: 150/168 MP: 38/38
 36518 | Elf:1    | Noticed zhov's ghost (adept DsHu)
 36519 | Elf:1    | Found a runed translucent door.
 36527 | Elf:1    | Identified the +3 leather armour of Situt {rF+++ Str-5}
 36922 | Elf:1    | Upgraded the game from 0.29-a0-817-g9904bce7a6 to
                  | 0.29-a0-993-g4a18f31a58
 37068 | Elf:2    | Reached skill level 18 in Conjurations
 37582 | Elf:2    | Found a runed translucent gate.
 37583 | Elf:2    | Found a runed translucent gate.
 37583 | Elf:2    | Found a runed translucent gate.
 38145 | Elf:2    | Upgraded the game from 0.29-a0-993-g4a18f31a58 to
                  | 0.29-a0-1016-g236c7fd91e
 38502 | Elf:3    | Entered Level 3 of the Elven Halls
 38595 | Elf:3    | Reached skill level 19 in Conjurations
 38845 | Elf:3    | Reached XP level 20. HP: 136/176 MP: 39/39
 39001 | Elf:3    | Reached skill level 20 in Conjurations
 39114 | Elf:3    | Got the Parchment of the Atmosphere and Frostbite
 39185 | Elf:3    | Found Fitaf's Book Shoppe.
 39192 | Elf:3    | Upgraded the game from 0.29-a0-1016-g236c7fd91e to
                  | 0.30-a0-322-g102857c98e
 39199 | Elf:3    | Bought a book of the Dragon for 828 gold pieces
 39490 | Elf:3    | Identified the ring of the Tick {rElec rCorr}
 39602 | Elf:3    | Identified the +6 scale mail "Hiquzxeg" {Rampage rC+ Int-5}
 39620 | Elf:3    | Identified the +2 whip "Ciohuzet" {flame, rC+ rCorr}
 40124 | Depths:1 | Found a gateway to Hell.
 40473 | Depths:1 | Noticed Sojobo
 40478 | Depths:1 | Killed Sojobo
 40870 | Depths:1 | Identified the +7 chain mail of Satisfaction {Harm *Slow
                  | rPois}
 41224 | Depths:1 | Found a white marble altar of Elyvilon.
 41227 | Depths:1 | Found a basalt altar of Yredelemnul.
 41227 | Depths:1 | Found a burning altar of Makhleb.
 41229 | Depths:1 | Found a shimmering altar of Xom.
 41229 | Depths:1 | Found a basalt altar of Yredelemnul.
 41229 | Depths:1 | Found an iron altar of Okawaru.
 41269 | Depths:1 | Upgraded the game from 0.30-a0-322-g102857c98e to
                  | 0.30-a0-341-g682706514a
 41311 | Depths:2 | Found a portal to a secret trove of treasure.
 41376 | Depths:2 | Found a one-way gate leading to the halls of Pandemonium.
 41463 | Depths:2 | Reached skill level 15 in Fighting
 41751 | Depths:2 | Learned a level 7 spell: Dragon Form
 41771 | Depths:2 | Reached skill level 1 in Transmutations
 41843 | Depths:2 | Reached skill level 1 in Unarmed Combat
 42641 | Depths:3 | Found a one-way gate to the infinite horrors of the Abyss.
 42959 | Depths:3 | Found a one-way gateway to a ziggurat.
 42971 | Depths:3 | Found a broken altar of Ashenzari.
 43606 | Vaults:1 | Entered Level 1 of the Vaults
 43970 | Vaults:1 | Identified the +1 chain mail "Ikhluseloa" {rN++ Will+}
 44081 | Vaults:1 | Noticed Zenata
 44087 | Vaults:1 | Killed Zenata
 44206 | Vaults:1 | Reached skill level 5 in Transmutations
 44255 | Vaults:1 | Reached XP level 21. HP: 184/184 MP: 2/41
 44281 | Vaults:1 | Reached skill level 21 in Conjurations
 44487 | Vaults:1 | Noticed Saint Roka
 44758 | Vaults:1 | Found a runed translucent gate.
 44759 | Vaults:1 | Found a runed translucent gate.
 44759 | Vaults:1 | Found a runed translucent gate.
 45083 | Vaults:1 | Killed Saint Roka
 45184 | Vaults:1 | Reached skill level 5 in Unarmed Combat
 45778 | Vaults:2 | Noticed Jory
 45784 | Vaults:2 | Killed Jory
 45920 | Vaults:2 | Noticed Boris
 45940 | Vaults:2 | Killed Boris
 46192 | Vaults:2 | Noticed Margery
 46224 | Vaults:2 | Killed Margery
 46527 | Vaults:2 | Reached skill level 10 in Transmutations
 47550 | Vaults:3 | Found a staircase to the Crypt.
 48562 | Vaults:3 | Identified the +2 pair of gloves of Gallantry {+Blink rF+++
                  | Str-5 Stlth-}
 48596 | Vaults:3 | Reached XP level 22. HP: 190/192 MP: 42/42
 49831 | Vaults:4 | Identified the +1 plate armour of Purpose {rPois rC- Will+}
 50272 | Vaults:4 | Paralysed by a sphinx for 4 turns
 50280 | Vaults:4 | Reached skill level 10 in Unarmed Combat
 50987 | Vaults:5 | Entered Level 5 of the Vaults
 50989 | Vaults:5 | Reached skill level 15 in Transmutations
 50993 | Vaults:5 | Noticed a dread lich
 50997 | Vaults:5 | Paralysed by a dread lich for 3 turns
 51029 | Vaults:5 | Identified the +11 glaive of the Jolly Realms {vamp, rN+
                  | Int+4 Dex-5}
 51032 | Vaults:5 | HP: 9/181 [tengu reaver/bolt of negative energy (38)]
 51033 | Vaults:5 | Shot with a bolt by a yaktaur captain

Illustrated notes

Levels and vault maps discovered:
D:1:      lightli_arrival_quake, layout_rooms, serial_forest,
          infiniplex_forest_lined_3, infiniplex_forest_clump_double,
          infiniplex_forest_clump_long, infiniplex_forest_clump_tiny,
          infiniplex_forest_straight_4, infiniplex_forest_end_2,
          columned_hall_lemuel, minmay_pentomino_s2
D:2:      layout_loops_corners, uniq_terence
D:3:      layout_basic, okawaru_metal_pillars_1_2, gup_sewer_entry_pipe,
          feat_on_display
D:4:      corexii_shantytown, layout_basic, bloody_trog, dk_noncrumbling_3,
          chequers_serial_rivers_micro_d
D:5:      layout_basic, palyth_temple_overflow_mages,
          minmay_temple_entry_glassed_door, uniq_menkaure
D:6:      layout_cave_pools, serial_bayou, serial_bayou_ford_a,
          serial_bayou_pond_a, serial_bayou_lake_a, serial_bayou_crossing
D:7:      kennysheep_seaside_town, layout_cave_pools, makhleb_grotto_becter,
          grunt_dithmenos_smoke, nicolae_qazlal_scattered_showers,
          minmay_between, uniq_pikel, uniq_crazy_yiuf_cottage, uniq_joseph
D:8:      layout_loops_ring, kennysheep_mini, minmay_lair_entry_grove,
          minmay_crystal_water, minivault_22, minivault_27,
          nicolae_stop_n_shop_2
D:9:      layout_roguey, minmay_orc_entry_temple_small, enter_bailey_3,
          minivault_22, minmay_statue_crystal_thing
D:10:     layout_loops_corners, nicolae_overflow_crystal_walls, fedhas_altar_3,
          gammafunk_ghost_wrathful_warriors, uniq_nergalle
D:11:     kennysheep_kobold_lugonu_temple, layout_small_grid, serial_shops,
          nicolae_shop_bloodbath_and_beyond, nicolae_shop_hallway_plus,
          kennysheep_little_box, nicolae_square_shop, nicolae_shop_crystal,
          minmay_joined_circles, uniq_urug
D:12:     layout_irregular_city
D:13:     layout_basic, serial_shops, shop
D:14:     layout_roguey [special_room_orc], ximxim_vaults_locker_room,
          serial_ice, serial_ice_b, serial_ice_l, serial_ice_g, serial_ice_a,
          serial_ice_f, serial_ice_h, serial_ice_d, serial_ice_c,
          portal_ice_cave_entry_ugly_swarm, kennysheep_path_1,
          serial_bayou_lagoon_a, bh_circular_ruins
D:15:     hangedman_depths_entry_try_elsewhere_first, layout_rooms,
          gammafunk_ghost_hydra_chop, serial_shops, nicolae_lakefront_shop,
          shop, nicolae_shop_advertising_works [nicolae_subvault_shop_adworks],
          einodemon_barbed_minivault
Temple:   minmay_temple_curvy_loop
Lair:1:   layout_hall_layers
Lair:2:   layout_regular_city, guppyfry_snake_entry_island,
          gauntlet_entry_generic, enter_volcano_4, st_stairs_3,
          serial_bayou_shore_a, grunt_megastairs_4, uniq_fannar
Lair:3:   kb_forest_paths, layout_chaotic_city, swamp_mist
Lair:4:   layout_regular_city, grunt_megastairs_2
Lair:5:   layout_roguey, dpeg_slime_entry_corner, grunt_megastairs_5,
          infiniplex_staircase_pool_2
Lair:6:   due_jungle_book, layout_cave_pods, minivault_26, lemuel_fruit_tree
Swamp:1:  layout_basic_swamp, evilmike_swamp_ruin_house_4, swamp_pool1
Swamp:2:  layout_basic_swamp, serial_swamp_ruin, evilmike_swamp_ruin_house_1,
          evilmike_swamp_ruin_house_6
Swamp:3:  layout_falls_marsh, evilmike_swamp_ruin_house_5
Swamp:4:  swamp_basic_johnstein, layout_basic_swamp, uniq_aizul, uniq_roxanne
Snake:1:  layout_misc_corridors, serial_shops, nicolae_shop_trees,
          serial_bayou_pond_d, hangedman_snake_sidewinding, grunt_megastairs_1,
          uniq_jorgrun
Snake:2:  layout_grid_shapes
Snake:3:  layout_cave_town
Snake:4:  grunt_snake_rune_serpentine_throne, layout_onion,
          serial_bayou_shore_b, uniq_bai_suzhen
Orc:1:    layout_diamond_mine
Orc:2:    st_orc_mages, layout_caves, hellmonk_ghost_happy_afterlife,
          serial_shops, shop, basic_altar, roderic_batcave
Elf:1:    layout_loops_cross, hellmonk_ghost_big_iron, evilmike_minifort
Elf:2:    nicolae_elf_blades_crystal_corner, layout_onion_city
Elf:3:    minmay_elf_hall_dome, layout_loops_cross, serial_shops,
          nicolae_shop_competitors_out_of_business
Vaults:1: ploomutoo_gammafunk_ghost_potion_laboratory,
          hangedman_vaults_river_flow, ontoclasm_vaults_claustrophobia,
          nicolae_vaults_little_squares_2, nicolae_vaults_angled_halls,
          nicolae_vaults_specimen_jars, nicolae_vaults_network_quincunx
          [nicolae_vaults_network_quincunx_subvault,
          nicolae_vaults_network_quincunx_subvault,
          nicolae_vaults_network_quincunx_subvault,
          nicolae_vaults_network_quincunx_subvault,
          nicolae_vaults_network_quincunx_subvault], v_misc_33,
          hangedman_vaults_maws, v_misc_8, hangedman_vaults_maws, v_misc_2,
          vaults_mumra_lcd, nicolae_vaults_little_squares_1, v_misc_15,
          vaults_dpeg_cross, vaults_room_guarded_vault,
          layout_vaults_maze_bifur, uniq_zenata, uniq_saint_roka
Vaults:2: nicolae_vaults_fighting_squares, nicolae_vaults_network_barrier,
          v_alt_pattern_6, v_misc_27, v_misc_19,
          nicolae_vaults_network_periphery, v_misc_32,
          nicolae_vaults_windows_and_doors_thing, vaults_room_octagon,
          vaults_room_grid, serial_ice_h, vaults_dpeg_diagonal,
          layout_vaults_omnibox, uniq_jory, uniq_boris, uniq_margery
Vaults:3: ontoclasm_vaults_ring_square, nicolae_vaults_hallways_thing,
          hangedman_vaults_locks, ontoclasm_vaults_eye, v_pattern_2,
          minmay_crypt_entry_simple_sparse, nicolae_vaults_network_quinsquares
          [nicolae_vaults_network_quincunx_subvault,
          nicolae_vaults_network_quincunx_subvault,
          nicolae_vaults_network_quincunx_subvault,
          nicolae_vaults_network_quincunx_subvault], nicolae_vaults_rhombus_5,
          vaults_room_hallway, layout_vaults_omnigrid
Vaults:4: nicolae_vaults_mini_display_case, nicolae_vaults_ninety_degrees,
          ontoclasm_vaults_tryst, vaults_room_hallway, hangedman_vaults_nodes,
          v_misc_16, nicolae_vaults_circle_grid_b, v_rooms_5, st_diamondy,
          hangedman_vaults_hat, dpeg_vaults_monster_box,
          nicolae_vaults_diagonal_hallway_7, layout_vaults_omnicross
Vaults:5
Depths:1: layout_cave_pools, grunt_mini_vestibule, drop_trap,
          roderic_serpentine_path, nicolae_two_hexagons, dreamdust_wishing_well,
          doesnt_xom_only_xom, uniq_sojobo
Depths:2: hangedman_arrow_trap, layout_gridville, enter_trove_2,
          minmay_misc_feat_plants, rand_demon_pan_entry_3,
          grunt_hell_entry_dis_old
Depths:3: grated_community_mu [grated_community_mu_vampire_home,
          grated_community_mu_giant_home, grated_community_mu_spellcaster_home,
          grated_community_mu_orcish_home, grated_community_mu_troll_home,
          grated_community_mu_taur_home, grated_community_mu_unbuilt_plot],
          layout_gridlike, enter_ziggurat_b, nicolae_ashenzari_skybound,
          abyss_entry, hell_entry, kennysheep_generic_room_3

Skill      XL: |  1  2  3  4  5  6  7  8  9 10 11 12 13 14 15 16 17 18 19 20 21 22 |
---------------+-------------------------------------------------------------------+-----
Conjurations   | 5 6 7 8 10 12 13 16 17 19 20 21 | 21.0
Fighting       | 2 5 7 9 11 13 14 15 | 15.0
Spellcasting   | 6 8 10 12 13 15 16 | 16.5
Fire Magic     | 4 6 7 10 13 16 | 16.4
Dodging        | 3 5 9 11 12 | 12.1
Shields        | 3 5 8 |  8.0
Evocations     | 10 | 10.6
Transmutations | 5 12 15 | 15.6
Unarmed Combat | 3 8 11 | 11.2
Stealth        | |  1.7

Action                   |  1- 3 |  4- 6 |  7- 9 | 10-12 | 13-15 | 16-18 | 19-21 | 22-24 || total
-------------------------+-------+-------+-------+-------+-------+-------+-------+-------++-------
Melee: Short sword       |    30 |    14 |       |       |       |       |       |       ||    44
       Tailslap          |     3 |       |    11 |    13 |    21 |     4 |       |     3 ||    55
       Punch             |     1 |       |       |       |       |       |       |     1 ||     2
       Flail             |       |       |   106 |   135 |   175 |    30 |       |       ||   446
       Staff             |       |       |       |       |       |     8 |       |       ||     8
       Unarmed           |       |       |       |       |       |       |       |    17 ||    17
       Bite              |       |       |       |       |       |       |       |     1 ||     1
 Cast: Magic Dart        |    64 |    98 |    49 |     4 |       |    58 |     4 |       ||   277
       Searing Ray       |     1 |    20 |    28 |    16 |       |    35 |     2 |       ||   102
       Iskenderun's Myst |       |       |     5 |    27 |    83 |    98 |   120 |    30 ||   363
       Starburst         |       |       |       |     9 |    76 |    11 |    15 |     4 ||   115
       Scorch            |       |       |       |    43 |   169 |    77 |     5 |       ||   294
       Fireball          |       |       |       |    22 |   103 |   218 |   226 |   108 ||   677
       Orb of Destructio |       |       |       |       |    71 |   125 |   217 |    21 ||   434
       Flame Wave        |       |       |       |       |     1 |     2 |       |       ||     3
       Ignition          |       |       |       |       |     4 |    62 |    58 |    19 ||   143
       Iskenderun's Batt |       |       |       |       |       |    77 |    39 |       ||   116
       Dragon Form       |       |       |       |       |       |       |       |     8 ||     8
 Abil: Breathe Noxious F |       |       |     5 |     6 |     4 |     2 |    10 |     4 ||    31
Evoke: Wand              |       |       |       |     1 |       |       |     2 |       ||     3
       Tin of tremorston |       |       |       |       |       |     2 |       |       ||     2
  Use: Scroll            |       |     9 |    12 |     4 |    10 |    14 |     2 |     3 ||    54
       Potion            |       |       |     1 |     4 |     5 |     1 |     3 |     5 ||    19
 Stab: Sleeping          |       |       |     6 |     2 |     5 |       |       |       ||    13
       Distracted        |       |       |     1 |     1 |     2 |       |       |       ||     4
Armor: Skin              |    13 |    15 |    52 |    68 |   143 |   119 |    18 |    24 ||   452
Dodge: Dodged            |    24 |    24 |    96 |   118 |   180 |   184 |    81 |    42 ||   749
Block: Buckler           |       |     1 |    14 |    24 |    85 |    42 |    25 |    19 ||   210
       Reflection        |       |       |       |       |       |       |     8 |    10 ||    18

Table legend: (Time is in decaauts)
 A = Elapsed time spent in this place.
 B = Non-inter-level travel time spent in this place.
 C = Inter-level travel time spent in this place.
 D = Time resting spent in this place.
 E = Time spent auto-exploring this place.
 F = Levels seen in this place.
 G = Mean time per level.
                   A        B        C        D        E       F      G
               +--------+--------+--------+--------+--------+-----+--------+
         Total |  51448 |  48377 |   3071 |   2549 |  35564 |  47 | 1094.6 |
       Dungeon |  17897 |  16903 |    994 |   1163 |  12738 |  15 | 1193.1 |
        Temple |    224 |    198 |     26 |      0 |    184 |   1 |  224.0 |
          Lair |   6722 |   6146 |    576 |    280 |   4498 |   6 | 1120.3 |
         Swamp |   3190 |   2957 |    233 |    468 |   1671 |   4 |  797.5 |
     Snake Pit |   4851 |   4426 |    425 |    256 |   3145 |   4 | 1212.8 |
  Orcish Mines |   1535 |   1344 |    191 |      0 |   1067 |   2 |  767.5 |
   Elven Halls |   3549 |   3373 |    176 |    122 |   2458 |   3 | 1183.0 |
        Vaults |   7378 |   7177 |    201 |     98 |   5608 |   5 | 1475.6 |
        Depths |   3525 |   3279 |    246 |     17 |   2610 |   3 | 1175.0 |
         Sewer |    747 |    747 |      0 |     31 |    580 |   1 |  747.0 |
        Bailey |    358 |    358 |      0 |      0 |    132 |   1 |  358.0 |
      Ice Cave |   1017 |   1017 |      0 |      0 |    763 |   1 | 1017.0 |
       Volcano |    451 |    451 |      0 |    114 |    107 |   1 |  451.0 |
               +--------+--------+--------+--------+--------+-----+--------+

Top non-repeatable levels by time:
Vaults:2: 2046 daAuts
     D:7: 1929 daAuts
Vaults:4: 1863 daAuts
Vaults:1: 1735 daAuts
Vaults:3: 1687 daAuts
  Lair:6: 1644 daAuts
 Snake:1: 1609 daAuts
   Elf:2: 1568 daAuts
     D:6: 1538 daAuts
     D:4: 1475 daAuts
     D:2: 1358 daAuts
    D:14: 1350 daAuts
     D:5: 1303 daAuts
Depths:1: 1300 daAuts
Depths:2: 1272 daAuts
